 Dungeon Crawl Stone Soup version 0.29-a0-360-g8ed1089bbe (webtiles) character file.

Game seed: 11195052991768250618

49 jlumianski the Covered (level 3, -1/29 HPs)
             Began as a Demonspawn Fighter on Apr 29, 2022.
             Slain by Sigmund
             ... wielding a +1 vorpal scythe
              (4 damage)
             ... on level 2 of the Dungeon.
             The game lasted 00:04:36 (1804 turns).

jlumianski the Covered (Demonspawn Fighter)         Turns: 1804, Time: 00:04:36

Health: -1/29      AC: 10    Str: 16    XL:     3   Next: 51%
Magic:  3/3        EV:  9    Int:  9    God:
Gold:   120        SH:  5    Dex: 14    Spells: 2/2 levels left

rFire   . . .      SeeInvis .   a - +0 war axe
rCold   . . .      Faith    .   c - +0 buckler
rNeg    + . .      Spirit   .   b - +0 scale mail
rPois   .          Reflect  .   (no helmet)
rElec   .          Harm     .   (no cloak)
rCorr   .          Rampage  .   k - +0 pair of gloves
Will    .....                   (no boots)
Stlth   ..........              (no amulet)
HPRegen 0.09/turn               g - ring of positive energy
MPRegen 0.08/turn               (no ring)

@: no status effects
A: molten scales 1
a: no special abilities


You were on level 2 of the Dungeon.
You visited 1 branch of the dungeon, and saw 2 of its levels.

You collected 120 gold pieces.

Inventory:

Hand Weapons
 a - a +0 war axe (weapon)
Missiles
 e - 4 poisoned darts (quivered)
 f - 11 stones
Armour
 b - a +0 scale mail (worn)
 c - a +0 buckler (worn)
 k - a +0 pair of gloves (worn)
Jewellery
 g - a ring of positive energy (left hand)
Scrolls
 i - 2 scrolls of torment {unknown}
 j - a scroll of summoning {unknown}
Potions
 d - a potion of might
 h - 2 potions of heal wounds {unknown}


   Skills:
 + Level 3.2 Fighting
 + Level 2.3 Axes
 + Level 3.2 Armour
 + Level 0.3 Dodging
 + Level 3.1 Shields


You had 2 spell levels left.
You didn't know any spells.
Your spell library was empty.

Dungeon Overview and Level Annotations

Branches:
Dungeon (2/15)

Altars:

Annotations:
D:2 Sigmund


Innate Abilities, Weirdness & Mutations

You are partially covered in molten scales. (AC +2)


Message History

You start putting on your armour.
You continue putting on your +0 pair of gloves. x4
You finish putting on your +0 pair of gloves.
Found an escape hatch in the ceiling.
A kobold comes into view. It is wielding a +0 club.
The kobold shouts!
The kobold hits you but does no damage.
You slash the kobold!
You kill the kobold!
f - 11 stones (gained 2)
Things that are here:
a +0 club; a kobold corpse
Found a stone staircase leading down.
A hobgoblin comes into view.
The hobgoblin shouts!
You block the hobgoblin's attack.
You hit the hobgoblin.
You kill the hobgoblin!
Found a stone staircase leading up.
Found an escape hatch in the floor.
Sigmund the Dreaded comes into view.
He is wielding a +1 vorpal scythe.
Sigmund shouts!
Sigmund gestures at you while chanting.
You are confused.
Sigmund gestures wildly while chanting.
Sigmund flickers and vanishes!
Deactivating autopickup; reactivate with Ctrl-A.
You feel less confused. Something hits you. Something hits you.
You miss something.
You hear some strange, mumbled words.
A puff of flame appears from out of thin air!
The puff of flame misses you.
You miss something. Something hits you.
You barely miss something. Something hits you but does no damage.
You completely miss something. Something hits you!
* * * LOW HITPOINT WARNING * * *
x2 You slash something!
Something hits you.
You die...

..##### ###... #
....... ..... ##
#...... .... ...
..... ... #... ....
...###### #######..#.
......
.........#########
###########..........
#...@{......#########
#.#######.##.........
# #############
#..... ..####


There were no monsters in sight!

Vanquished Creatures
  An adder (D:2)
  A worm (D:2)
  A ball python (D:1)
  4 endoplasms
  3 giant cockroaches
  3 goblins
  4 hobgoblins
  5 bats
  3 frilled lizards (D:2)
  7 kobolds
  3 rats (D:1)
35 creatures vanquished.

Notes
Turn   | Place    | Note
-------+----------+-------------------------------------------
     0 | D:1      | jlumianski the Demonspawn Fighter began the quest for the
                  | Orb.
     0 | D:1      | Reached XP level 1. HP: 18/18 MP: 1/1
   232 | D:1      | Gained mutation: You are partially covered in molten
                  | scales. (AC +2) [demonic ancestry]
   232 | D:1      | Reached XP level 2. HP: 24/24 MP: 2/2
   880 | D:1      | Found a faded altar of an unknown god.
  1254 | D:2      | Reached XP level 3. HP: 22/29 MP: 3/3
  1782 | D:2      | Noticed Sigmund
  1804 | D:2      | Slain by Sigmund

Illustrated notes

Levels and vault maps discovered:
D:1:      psy_arrival_terrarium, layout_basic,
          shapermc_ecumenical_altar_notcrosses
D:2:      layout_basic, serial_co_window_serial, co_window_paths_b,
          co_window_of_opportunity_a, co_window_paths_b, co_window_paths_a,
          co_window_paths_a, co_window_paths_c, co_window_of_opportunity_b,
          co_window_broadway_b, co_window_broadway_a, co_window_broadway_b,
          co_window_2corner, glass_columns_c, glass_columns_c, glass_columns_a,
          basic_altar, uniq_sigmund

Skill      XL: |  1  2 |
---------------+-------+-----
Shields        | 3 |  3.1
Armour         | 3 |  3.2
Axes           | 2 |  2.3
Fighting       | |  3.2
Dodging        | |  0.3

Action                   || total
-------------------------++-------
Melee: War axe           ||   122
Armor: Scale mail        ||    76
Dodge: Dodged            ||    67
Block: Buckler           ||    35

Table legend: (Time is in decaauts)
 A = Elapsed time spent in this place.
 B = Non-inter-level travel time spent in this place.
 C = Inter-level travel time spent in this place.
 D = Time resting spent in this place.
 E = Time spent auto-exploring this place.
 F = Levels seen in this place.
 G = Mean time per level.
                   A        B        C        D        E       F      G
               +--------+--------+--------+--------+--------+-----+--------+
         Total |   1856 |   1817 |     39 |      0 |   1239 |   2 |  928.0 |
       Dungeon |   1856 |   1817 |     39 |      0 |   1239 |   2 |  928.0 |
               +--------+--------+--------+--------+--------+-----+--------+

Top non-repeatable levels by time:
     D:1: 1243 daAuts
     D:2: 612 daAuts
